MLB
CINCINNATI REDS @ PHILADELPHIA PHILLIES
04/02/2024
 
TOP OF THE 1ST
Cincinnati Reds batting - Pitching for Philadelphia Phillies : RHP Pedro Magana
Pitching: RHP Pedro Magana
Batting: LHB Wendell Ayers 0-0: Ground out 1-3 (Groundball, 13, EV 70.6 MPH)
Batting: RHB Brandon Soleimani 0-0: Ball
1-0: Called Strike
1-1: Called Strike
1-2: Ball
2-2: Foul Ball, location: 2F
2-2: Ground out 6-3 (Groundball, 6, EV 83.1 MPH)
Batting: LHB Luis Garcia 0-0: Ball
1-0: Called Strike
1-1: Foul Ball, location: 23F
1-2: Strikes out swinging
Top of the 1st over - 0 runs, 0 hits, 0 errors, 0 left on base; Cincinnati 0 - Philadelphia 0
BOTTOM OF THE 1ST
Philadelphia Phillies batting - Pitching for Cincinnati Reds : RHP Jeff Reynolds
Pitching: RHP Jeff Reynolds
Batting: RHB Charlie Harper 0-0: Called Strike
0-1: Ball
1-1: Ball
2-1: Swinging Strike
2-2: Ground out 1-3 (Groundball, P, EV 68.1 MPH)
Batting: LHB Anthony Hale 0-0: Called Strike
0-1: Ball
1-1: SINGLE (Line Drive, 9LS, EV 96.3 MPH)
Batting: RHB Ryobe Kamida 0-0: Foul Ball, location: 3FF
0-1: Ball
1-1: Grounds into double play, 5-4-3 (Groundball, 5, EV 82.5 MPH)
Bottom of the 1st over - 0 runs, 1 hit, 0 errors, 0 left on base; Cincinnati 0 - Philadelphia 0
TOP OF THE 2ND
Cincinnati Reds batting - Pitching for Philadelphia Phillies : RHP Pedro Magana
Batting: SHB Rafael Castillo 0-0: Ball
1-0: Foul Ball, location: 2F
1-1: Ball
2-1: Fly out, F8 (Flyball, 8LD, EV 98.8 MPH)
Batting: LHB Nolan Jones 0-0: Called Strike
0-1: Swinging Strike
0-2: Strikes out swinging
Batting: RHB Judson Fabian 0-0: Reached via error on a dropped throw from 1B, E1 (Groundball, 34, EV 101.3 MPH)
Batting: LHB Noah Naylor 0-0: Ball
1-0: Ball
2-0: Called Strike
2-1: 2-RUN HOME RUN (Flyball, 9D, EV 101.9 MPH), Distance : 388 ft
Batting: RHB Royce Lewis 0-0: Ball
1-0: Foul Ball, location: 9LSF
1-1: Swinging Strike
1-2: Ball
2-2: Ball
3-2: Ground out 4-3 (Groundball, 4, EV 90.6 MPH)
Top of the 2nd over - 2 runs, 1 hit, 1 error, 0 left on base; Cincinnati 2 - Philadelphia 0
BOTTOM OF THE 2ND
Philadelphia Phillies batting - Pitching for Cincinnati Reds : RHP Jeff Reynolds
Batting: RHB Andrew Vaughn 0-0: Called Strike
0-1: Ball
1-1: Ground out 5-3 (Groundball, 56S, EV 86.3 MPH)
Batting: RHB Miguel León 0-0: Swinging Strike
0-1: Called Strike
0-2: Ball
1-2: Ball
2-2: Foul Ball, location: 2F
2-2: Foul Ball, location: 5F
2-2: SINGLE (Line Drive, 6D, EV 68.8 MPH)
Batting: RHB K.J. Costello 0-0: Ground out U3 (Groundball, 3S, EV 65.6 MPH)
Miguel León to second
Batting: LHB Cole Brannen 0-0: Ball
1-0: Called Strike
1-1: Called Strike
1-2: Ball
2-2: Fly out, F9 (Flyball, 89M, EV 97.5 MPH)
Bottom of the 2nd over - 0 runs, 1 hit, 0 errors, 1 left on base; Cincinnati 2 - Philadelphia 0
TOP OF THE 3RD
Cincinnati Reds batting - Pitching for Philadelphia Phillies : RHP Pedro Magana
Batting: LHB T.J. Brey 0-0: Called Strike
0-1: Swinging Strike
0-2: Strikes out swinging
Batting: LHB Wendell Ayers 0-0: Called Strike
0-1: Ball
1-1: Ball
2-1: Foul Ball, location: 23FF
2-2: Foul Ball, location: 7LMF
2-2: Ground out 5-3 (Groundball, 5L, EV 85.0 MPH)
Batting: RHB Brandon Soleimani 0-0: Ground out 3-1 (Groundball, 34S, EV 83.8 MPH)
Top of the 3rd over - 0 runs, 0 hits, 0 errors, 0 left on base; Cincinnati 2 - Philadelphia 0
BOTTOM OF THE 3RD
Philadelphia Phillies batting - Pitching for Cincinnati Reds : RHP Jeff Reynolds
Batting: RHB J.J. Schwarz 0-0: Ball
1-0: Foul Ball, location: 3FF
1-1: Foul Ball, location: 2F
1-2: Fly out, F9 (Flyball, 9S, EV 85.0 MPH)
Batting: RHB Xander Bogaerts 0-0: Called Strike
0-1: Ball
1-1: Foul Ball, location: 2F
1-2: Foul Ball, location: 2F
1-2: Ball
2-2: Foul Ball, location: 2F
2-2: Strikes out looking
Batting: RHB Charlie Harper 0-0: Fly out, F3 (Popup, 3, EV 71.9 MPH)
Bottom of the 3rd over - 0 runs, 0 hits, 0 errors, 0 left on base; Cincinnati 2 - Philadelphia 0
TOP OF THE 4TH
Cincinnati Reds batting - Pitching for Philadelphia Phillies : RHP Pedro Magana
Batting: LHB Luis Garcia 0-0: Ball
1-0: Ball
2-0: Ground out 3-1 (Groundball, 34, EV 82.5 MPH)
Batting: SHB Rafael Castillo 0-0: Swinging Strike
0-1: Called Strike
0-2: Ball
1-2: Ball
2-2: Strikes out looking
Batting: LHB Nolan Jones 0-0: Swinging Strike
0-1: Ball
1-1: Ball
2-1: Foul Ball, location: 25FF
2-2: Foul Ball, location: 2F
2-2: Ball
3-2: DOUBLE (Line Drive, 78XD, EV 103.1 MPH)
Batting: RHB Judson Fabian 0-0: Ball
1-0: Foul Ball, location: 5F
1-1: Ground out 6-3 (Groundball, 6, EV 81.3 MPH)
Top of the 4th over - 0 runs, 1 hit, 0 errors, 1 left on base; Cincinnati 2 - Philadelphia 0
BOTTOM OF THE 4TH
Philadelphia Phillies batting - Pitching for Cincinnati Reds : RHP Jeff Reynolds
Batting: LHB Anthony Hale 0-0: Called Strike
0-1: Called Strike
0-2: Ball
1-2: Ball
2-2: Strikes out swinging
Batting: RHB Ryobe Kamida 0-0: Called Strike
0-1: Ball
1-1: Ground out 1-3 (Groundball, 25, EV 73.1 MPH)
Batting: RHB Andrew Vaughn 0-0: Ball
1-0: Ball
2-0: Ball
3-0: Base on Balls
Batting: RHB Miguel León 0-0: Ball
1-0: Swinging Strike
1-1: Fielders Choice at 2nd, 6-4 (Groundball, 6, EV 79.4 MPH)
Bottom of the 4th over - 0 runs, 0 hits, 0 errors, 1 left on base; Cincinnati 2 - Philadelphia 0
TOP OF THE 5TH
Cincinnati Reds batting - Pitching for Philadelphia Phillies : RHP Pedro Magana
Batting: LHB Noah Naylor 0-0: Ball
1-0: Fly out, F9 (Line Drive, 9D, EV 96.3 MPH)
Batting: RHB Royce Lewis 0-0: Called Strike
0-1: Ball
1-1: Foul Ball, location: 23F
1-2: Ball
2-2: Strikes out swinging
Batting: LHB T.J. Brey 0-0: Ball
1-0: Ball
2-0: Called Strike
2-1: Ball
3-1: Fly out, F3 (Popup, 3SF, EV 73.8 MPH)
Top of the 5th over - 0 runs, 0 hits, 0 errors, 0 left on base; Cincinnati 2 - Philadelphia 0
BOTTOM OF THE 5TH
Philadelphia Phillies batting - Pitching for Cincinnati Reds : RHP Jeff Reynolds
Batting: RHB K.J. Costello 0-0: Called Strike
0-1: Ball
1-1: Fly out, F4 (Popup, 23, EV 76.3 MPH)
Batting: LHB Cole Brannen 0-0: Ball
1-0: Ball
2-0: SINGLE (Line Drive, 4D, EV 95.6 MPH)
Batting: RHB J.J. Schwarz 0-0: Ball
1-0: Called Strike
1-1: Ball
2-1: Swinging Strike
2-2: Foul Ball, location: 3F
2-2: Strikes out swinging
Batting: RHB Xander Bogaerts 0-0: Called Strike
0-1: Ball
Cole Brannen steals 2nd base (no throw)
1-1: Swinging Strike
1-2: Ball
2-2: Ball
3-2: Ground out 4-3 (Groundball, 4M, EV 103.8 MPH)
Bottom of the 5th over - 0 runs, 1 hit, 0 errors, 1 left on base; Cincinnati 2 - Philadelphia 0
TOP OF THE 6TH
Cincinnati Reds batting - Pitching for Philadelphia Phillies : RHP Pedro Magana
Batting: LHB Wendell Ayers 0-0: Ball
1-0: Called Strike
1-1: Ground out 4-3 (Groundball, 4, EV 93.1 MPH)
Batting: RHB Brandon Soleimani 0-0: Called Strike
0-1: Ball
1-1: Called Strike
1-2: Strikes out swinging
Batting: LHB Luis Garcia 0-0: Called Strike
0-1: Fly out, F6 (Popup, 6MS, EV 84.4 MPH)
Top of the 6th over - 0 runs, 0 hits, 0 errors, 0 left on base; Cincinnati 2 - Philadelphia 0
BOTTOM OF THE 6TH
Philadelphia Phillies batting - Pitching for Cincinnati Reds : RHP Jeff Reynolds
Batting: RHB Charlie Harper 0-0: Called Strike
0-1: Called Strike
0-2: SOLO HOME RUN (Line Drive, 9LD, EV 98.1 MPH), Distance : 371 ft
Pitching: LHP Jake Eder
Batting: LHB Anthony Hale 0-0: Called Strike
0-1: Ball
1-1: Swinging Strike
1-2: Strikes out swinging
Batting: RHB Ryobe Kamida 0-0: Called Strike
0-1: Ball
1-1: Ball
2-1: Ball
3-1: Fly out, F8 (Flyball, 8RM, EV 88.1 MPH)
Batting: RHB Andrew Vaughn 0-0: Ball
1-0: Ball
2-0: Ball
3-0: Base on Balls
Batting: RHB Miguel León 0-0: Single, Error in OF, E8, batter to second base (Line Drive, 4M, EV 95.6 MPH)
Andrew Vaughn to third
Batting: RHB K.J. Costello 0-0: Called Strike
0-1: Called Strike
0-2: Ball
Wild Pitch!
Andrew Vaughn scores
Miguel León to third
1-2: Foul Ball, location: 2F
1-2: Ball
2-2: Strikes out swinging
Bottom of the 6th over - 2 runs, 2 hits, 1 error, 1 left on base; Cincinnati 2 - Philadelphia 2
TOP OF THE 7TH
Cincinnati Reds batting - Pitching for Philadelphia Phillies : RHP Pedro Magana
Batting: SHB Rafael Castillo 0-0: Fly out, F9 (Flyball, 9D, EV 78.1 MPH)
Batting: LHB Nolan Jones 0-0: Ball
1-0: Ground out 3-1 (Groundball, 34, EV 79.4 MPH)
Batting: RHB Judson Fabian 0-0: SINGLE (Groundball, 6MD, EV 103.1 MPH)
Batting: LHB Noah Naylor 0-0: Called Strike
0-1: Ball
1-1: Called Strike
1-2: Strikes out swinging
Top of the 7th over - 0 runs, 1 hit, 0 errors, 1 left on base; Cincinnati 2 - Philadelphia 2
BOTTOM OF THE 7TH
Philadelphia Phillies batting - Pitching for Cincinnati Reds : LHP Jake Eder
Pitching: RHP Stan Lee
Batting: LHB Cole Brannen 0-0: Foul Ball, location: 2F
0-1: Foul Ball, location: 3FF
0-2: Ball
1-2: Foul Ball, location: 2F
1-2: Ball
2-2: Foul Ball, location: 5FF
2-2: Ball
3-2: Foul Ball, location: 2F
3-2: Foul Ball, location: 23F
3-2: Base on Balls
Batting: RHB J.J. Schwarz 0-0: Foul Ball, location: 3FF
0-1: Swinging Strike
0-2: Ball
1-2: Foul Ball, location: 5DF
1-2: Ball
2-2: Foul Ball, location: 2F
2-2: Strikes out swinging
Pinch Hitting: LHB Esteban Hernández 0-0: Ball
1-0: Ball
2-0: SINGLE (Groundball, 34D, EV 95.0 MPH)
Cole Brannen to second
Pitching: RHP John McMillon
Batting: RHB Charlie Harper 0-0: Ball
1-0: Ball
2-0: Foul Ball, location: 25FF
2-1: Foul Ball, location: 9LSF
2-2: Fly out, F7 (Flyball, 7, EV 86.3 MPH)
Batting: LHB Anthony Hale 0-0: Ball
1-0: Swinging Strike
1-1: Ball
2-1: Ball
3-1: Foul Ball, location: 3F
3-2: Ground out 4-3 (Groundball, 4M, EV 102.5 MPH)
Bottom of the 7th over - 0 runs, 1 hit, 0 errors, 2 left on base; Cincinnati 2 - Philadelphia 2
TOP OF THE 8TH
Cincinnati Reds batting - Pitching for Philadelphia Phillies : RHP Pedro Magana
Now at 2B: Luis Urias
Now at 3B: Charlie Harper
Batting: RHB Royce Lewis 0-0: Ball
1-0: Called Strike
1-1: SINGLE (Line Drive, 78S, EV 103.1 MPH)
Pitching: RHP Kevin Flemer
Batting: LHB T.J. Brey 0-0: Called Strike
0-1: Ball
1-1: SINGLE (Line Drive, 56D, EV 96.3 MPH)
Royce Lewis to second
Batting: LHB Wendell Ayers 0-0: Foul Ball, location: 2F
0-1: Fly out, F9 (Flyball, 89D, EV 96.3 MPH)
Runner from 2nd tags up, SAFE at 3rd, no throw by RF
Batting: RHB Brandon Soleimani 0-0: Ball
1-0: Ball
2-0: Ball
3-0: Base on Balls
T.J. Brey to second
Batting: LHB Luis Garcia 0-0: Called Strike
0-1: Swinging Strike
0-2: Strikes out swinging
Batting: SHB Rafael Castillo 0-0: Ball
1-0: Foul Ball, location: 25FF
1-1: Called Strike
1-2: Strikes out swinging
Top of the 8th over - 0 runs, 2 hits, 0 errors, 3 left on base; Cincinnati 2 - Philadelphia 2
BOTTOM OF THE 8TH
Philadelphia Phillies batting - Pitching for Cincinnati Reds : RHP John McMillon
Batting: RHB Ryobe Kamida 0-0: Ball
1-0: Ground out 1-3 (Groundball, 13, EV 69.4 MPH)
Batting: RHB Andrew Vaughn 0-0: Ball
1-0: Swinging Strike
1-1: Foul Ball, location: 2F
1-2: Strikes out swinging
Batting: RHB Miguel León 0-0: Ball
1-0: Called Strike
1-1: Ball
2-1: Called Strike
2-2: SINGLE (Line Drive, 34D, EV 104.4 MPH)
Pitching: LHP Mike Montgomery
Batting: RHB K.J. Costello 0-0: Called Strike
0-1: Ball
Miguel León is caught stealing 2nd base 2-4
Bottom of the 8th over - 0 runs, 1 hit, 0 errors, 0 left on base; Cincinnati 2 - Philadelphia 2
TOP OF THE 9TH
Cincinnati Reds batting - Pitching for Philadelphia Phillies : RHP Kevin Flemer
Pitching: RHP Orlando García
Batting: LHB Nolan Jones 0-0: Called Strike
0-1: Called Strike
0-2: Ball
1-2: Ball
2-2: Foul Ball, location: 23F
2-2: Strikes out swinging
Batting: RHB Judson Fabian 0-0: Ball
1-0: Called Strike
1-1: Called Strike
1-2: Ball
2-2: Foul Ball, location: 7LDF
2-2: Foul Ball, location: 5F
2-2: Fly out, F8 (Flyball, 8LXD, EV 91.3 MPH)
Batting: LHB Noah Naylor 0-0: Ball
1-0: Called Strike
1-1: SINGLE (Groundball, 34D, EV 106.3 MPH)
Batting: RHB Royce Lewis 0-0: Hit by Pitch
Noah Naylor to second
Batting: LHB T.J. Brey 0-0: Ball
1-0: Ball
2-0: Ball
3-0: Called Strike
3-1: Base on Balls
Noah Naylor to third
Royce Lewis to second
Pitching: RHP Andrew Schultz
Batting: LHB Wendell Ayers 0-0: Ball
1-0: Ball
2-0: Called Strike
2-1: Foul Ball, location: 9LMF
2-2: Fly out, F6 (Line Drive, 6, EV 68.8 MPH)
Top of the 9th over - 0 runs, 1 hit, 0 errors, 3 left on base; Cincinnati 2 - Philadelphia 2
BOTTOM OF THE 9TH
Philadelphia Phillies batting - Pitching for Cincinnati Reds : LHP Mike Montgomery
Batting: RHB K.J. Costello 0-0: Ball
1-0: Foul Ball, location: 2F
1-1: Ball
2-1: Ball
3-1: Base on Balls
Batting: LHB Cole Brannen 0-0: Called Strike
0-1: Ball
1-1: Ball
2-1: Ball
3-1: Bunted foul
3-2: Fielders Choice at 2nd, 6-4 (Groundball, 6, EV 87.5 MPH)
Batting: RHB J.J. Schwarz 0-0: Ball
1-0: DOUBLE (Line Drive, 89D, EV 103.8 MPH)
Cole Brannen to third
Runner from 3rd tries for Home, SAFE, throw by RF to home
Bottom of the 9th over - 1 run, 1 hit, 0 errors, 1 left on base; Cincinnati 2 - Philadelphia 3
Tuesday, April 9th , 2024 - OOTP Baseball 24.11 Build 85